 Dungeon Crawl Stone Soup version 0.18-b1-22-ge198996 (webtiles) character file.

65 barb4r1an the Skirmisher (level 3, -4/45 HPs)
             Began as a Demonspawn Berserker on May 4, 2016.
             Was a Believer of Trog.
             Slain by a gnoll (6 damage)
             ... on level 2 of the Dungeon.
             The game lasted 00:02:41 (1113 turns).

barb4r1an the Skirmisher (Demonspawn Berserker)     Turns: 1113, Time: 00:02:41

Health: -4/45      AC:  4    Str: 23    XL:     3   Next: 92%
Magic:  3/3        EV: 12    Int:  8    God:    Trog [**....]
Gold:   51         SH:  0    Dex: 12    Spells: 0 memorised, 2 levels left

rFire  . . .     SeeInvis .     a - +0 hand axe
rCold  . . .     Gourm    .     b - +0 animal skin
rNeg   . . .     Faith    .     (no shield)
rPois  .         Spirit   .     (no helmet)
rElec  .         Dismiss  .     (no cloak)
rCorr  .         Reflect  .     (no gloves)
SustAt .         Harm     .     (no boots)
MR     .....                    (no amulet)
Stlth  ..........               (no ring)
                                (no ring)

@: berserking, very quick, not resistant to hostile enchantments, extremely
unstealthy
A: slimy green scales 1, spiny 1
a: Berserk, Trog's Hand, Burn Spellbooks, Renounce Religion


You were on level 2 of the Dungeon.
You worshipped Trog.
Trog was pleased with you.
You were hungry.

You visited 1 branch of the dungeon, and saw 2 of its levels.

You collected 51 gold pieces.

Inventory:

Hand Weapons
 a - a +0 hand axe (weapon)
Armour
 b - a +0 animal skin (worn)
Scrolls
 d - a scroll of immolation {unknown}
 e - a scroll of blinking {unknown}
 i - a scroll of teleportation {unknown}
 j - a scroll of amnesia {unknown}
 m - a scroll of identify {unknown}
Potions
 f - a potion of berserk rage {unknown}
 g - a potion of might {unknown}
 h - a potion of resistance {unknown}
 k - a potion of lignification {unknown}
 l - a potion of curing {unknown}
Comestibles
 c - a bread ration


   Skills:
 + Level 3.7 Fighting
 + Level 3.3 Axes
 + Level 2.0 Armour
 + Level 2.4 Dodging


You had 2 spell levels left.
You didn't know any spells.

Dungeon Overview and Level Annotations

Branches:
Dungeon (2/15)

Altars:


Innate Abilities, Weirdness & Mutations

You are partially covered in slimy green scales (AC +2).
You are partially covered in sharp spines.


Message History

Trog accepts your kill.
You can now call upon Trog for regeneration and protection from hostile enchantments.
Your Armour skill increases to level 2!
The gnoll hits you from afar with a spear.
You see here a whip of electrocution.
You closely miss the gnoll. The gnoll is struck by your spines.
The gnoll hits you with a spear!
* * * LOW HITPOINT WARNING * * *
You hit the gnoll.
The gnoll is heavily wounded.
The gnoll hits you with a spear.
* * * LOW HITPOINT WARNING * * *
You closely miss the gnoll.
The gnoll is heavily wounded.
You slash the gnoll!
You kill the gnoll!
Trog accepts your kill.
You barely miss the gnoll. The gnoll is struck by your spines.
The gnoll hits you.
You die...

#.# ######.# .......#
.####### .# .# .#
.####################.#
................@g....#
#####################.#


You could see a gnoll.

Vanquished Creatures
  3 gnolls (D:2)
  An adder (D:2)
  2 dart slugs (D:1)
  A bat (D:1)
  A giant cockroach (D:1)
  2 goblins
  A hobgoblin (D:1)
  4 jackals (D:1)
  3 kobolds (D:1)
  A giant newt (D:1)
  5 rats (D:1)
24 creatures vanquished.

Notes
Turn   | Place    | Note
--------------------------------------------------------------
     0 | D:1      | barb4r1an the Demonspawn Berserker began the quest for the Orb.
     0 | D:1      | Reached XP level 1. HP: 18/18 MP: 1/1
     2 | D:1      | Noticed a troll
     2 | D:1      | Noticed a spriggan
     4 | D:1      | Noticed a vine stalker
     4 | D:1      | Noticed a centaur
     6 | D:1      | Noticed a halfling
     6 | D:1      | Noticed a merfolk
     8 | D:1      | Noticed a naga
    10 | D:1      | Noticed a ghoul
    10 | D:1      | Noticed a demonspawn
    12 | D:1      | Noticed an octopode
    14 | D:1      | Noticed a minotaur
    14 | D:1      | Noticed a demigod
    16 | D:1      | Noticed a felid
    16 | D:1      | Noticed an ogre
    18 | D:1      | Noticed a human
    18 | D:1      | Noticed a tengu
    20 | D:1      | Noticed a vampire
    20 | D:1      | Noticed a dwarf
    22 | D:1      | Noticed an elf
    24 | D:1      | Noticed a gargoyle
    24 | D:1      | Noticed a formicid
    26 | D:1      | Noticed a draconian
   216 | D:1      | Gained mutation: You are partially covered in sharp spines. [demonic ancestry]
   216 | D:1      | Reached XP level 2. HP: 12/24 MP: 2/2
  1054 | D:2      | Gained mutation: You are partially covered in slimy green scales (AC +2). [demonic ancestry]
  1054 | D:2      | Reached XP level 3. HP: 29/29 MP: 3/3
  1107 | D:2      | Reached ** piety under Trog
  1110 | D:2      | HP: 2/45 [gnoll/spear (5)]
  1113 | D:2      | Slain by a gnoll

Skill      XL: |  1  2  3 |
---------------+----------+-----
Axes           | 3 |  3.3
Dodging        | 2 |  2.4
Armour         | 2 |  2.0
Fighting       | |  3.7

Action                   || total
-------------------------++-------
Melee: Hand axe          ||    73
Invok: Berserk           ||     1
Armor: Animal skin       ||    13
Dodge: Dodged            ||    37
